 Dungeon Crawl Stone Soup version 0.27.1-34-g3ba077fa99 (webtiles) character file.

Game seed: 11462616413350689499

151241 ticklebelly the Warrior (level 17, -10/252 HPs)
             Began as a Minotaur Berserker on Jan 7, 2022.
             Was a High Priest of Trog.
             Hit by a silver javelin thrown by a merfolk javelineer (16 damage)
             ... on level 4 of the Shoals on Jan 8, 2022.
             The game lasted 02:32:54 (36733 turns).

ticklebelly the Warrior (Minotaur Berserker)       Turns: 36733, Time: 02:32:54

Health: -10/252    AC: 28    Str: 34    XL:     17   Next: 0%
Magic:  16/16      EV:  2    Int:  4    God:    Trog [*****.]
Gold:   1718       SH:  0    Dex: 15    Spells: 16/16 levels left

rFire    . . .     SeeInvis .   p - +8 battleaxe (vorpal)
rCold    . . .     Faith    .   (shield currently unavailable)
rNeg     + + +     Spirit   .   (armour currently unavailable)
rPois    +         Reflect  .   (helmet currently unavailable)
rElec    .         Harm     .   (cloak currently unavailable)
rCorr    .         Rampage  .   (gloves currently unavailable)
Will     +++..     NoTele   +   (boots currently unavailable)
Stlth    +.........             g - amulet of regeneration
HPRegen  2.52/turn              O - ring "Ublohie" {Dex+4 Slay+4}
MPRegen  0.15/turn              S - +6 ring of strength

@: tree-form, engulfed, strong-willed, regenerating, studying Evocations
A: stationary, stasis, torment immunity, boosted hp, (horns 2), (retaliatory
headbutt)
a: Renounce Religion, Berserk, Trog's Hand, Brothers in Arms


You were on level 4 of the Shoals.
You worshipped Trog.
Trog was extremely pleased with you.
You were a tree.
You visited 4 branches of the dungeon, and saw 27 of its levels.
You also visited: Bailey.

You collected 3608 gold pieces.
You spent 1890 gold pieces at shops.

Inventory:

Hand Weapons
 e - a +6 vorpal executioner's axe
 p - a +8 vorpal battleaxe (weapon)
 L - a +6 battleaxe of flaming
 P - a +4 antimagic battleaxe
Missiles
 b - 87 boomerangs (quivered)
Armour
 t - a +1 pair of boots (melded)
 w - a +4 plate armour of willpower (melded)
 y - a +2 pair of gloves (melded)
 E - the -6 pair of gloves of Athar {Fly rPois Str-4 Int-3}
   (You found it on level 5 of the Dungeon)

   Str:       It affects your strength (-4).
   Int:       It affects your intelligence (-3).
   rPois:     It protects you from poison.
   Fly:       It grants you flight.
 F - the +0 hat of the Comet (melded) {Dex+2}
   (You acquired it on level 5 of the Lair of Beasts)

   Dex:       It affects your dexterity (+2).
 J - a +2 cloak of preservation (melded)
Jewellery
 d - a ring of protection from cold
 g - an amulet of regeneration (around neck)
 h - a ring of willpower
 A - a ring of positive energy
 C - the ring "Ygeabit" {rC+ rCorr}
   (You found it on level 3 of the Lair of Beasts)

   [ring of resist corrosion]

   rC:        It protects you from cold.
   rCorr:     It protects you from acid and corrosion.
 D - a +6 ring of dexterity
 O - the ring "Ublohie" (left branch) {Dex+4 Slay+4}
   (You found it on level 11 of the Dungeon)

   [ring of slaying]

   Dex:       It affects your dexterity (+4).
   Slay:      It affects your accuracy & damage with ranged weapons and melee
   (+4).
 S - a +6 ring of strength (right branch)
Wands
 j - a wand of polymorph (8)
 x - a wand of charming (15)
 M - a wand of paralysis (17)
 N - a wand of digging (12)
 U - a wand of mindburst (12)
 W - a wand of iceblast (12)
 Y - a wand of flame (18)
 Z - a wand of acid (8)
Scrolls
 c - 4 scrolls of teleportation
 i - 10 scrolls of identify
 k - 7 scrolls of magic mapping
 G - a scroll of fog
 R - a scroll of holy word
 T - 2 scrolls of blinking
 X - 3 scrolls of fear
Potions
 a - 10 potions of curing
 f - a potion of magic {unknown}
 l - 8 potions of heal wounds
 o - 5 potions of might
 r - 2 potions of cancellation
 s - 3 potions of lignification
 u - a potion of flight
 z - 5 potions of haste
 V - a potion of invisibility
Miscellaneous
 m - a phantom mirror
 n - a phial of floods
 q - a condenser vane
 Q - a tin of tremorstones (2/2)


   Skills:
 + Level 19.4 Fighting
 + Level 19.4 Axes
 + Level 19.2 Armour
 + Level 8.5 Dodging
 - Level 7.0 Evocations


You had 16 spell levels left.
You didn't know any spells.
Your spell library was empty.

Dungeon Overview and Level Annotations

Branches:
Dungeon (15/15)            Temple (0/1) D:5            Lair (6/6) D:9
 Shoals (4/4) Lair:3       Spider (0/4) Lair:4        Slime (0/5) Lair:6
    Orc (2/2) D:12            Elf (0/3) Orc:2        Vaults (0/5) D:14
 Depths (0/5) D:15         Bailey (visited)

Altars:
Ashenzari
Cheibriados
Dithmenos
Fedhas
Gozag
Hepliaklqana
Makhleb
Qazlal
Ru
Sif Muna
Uskayaw
Vehumet
Wu Jian
Xom
Yredelemnul
Zin
Beogh

Shops:
D:3 ?   D:7 :   D:11 :(*   Orc:1 *   Orc:2 ![!:   Shoals:1 (

Portals:
Pandemonium: Orc:2

Annotations:
Lair:3 exclusion: 4 oklob plants


Innate Abilities, Weirdness & Mutations

You are a tree.
Your roots penetrate the ground, keeping you stationary.
You cannot be teleported.
You are immune to unholy pain and torment.
Your maximum health is greatly increased.
Your equipment is partially melded.
((You have a pair of horns on your head.))
((You reflexively headbutt those who attack you in melee.))


Message History

The boomerang hits you but does no damage.
A manticore comes into view.
Your deep troll closely misses the merfolk.
Your deep troll claws the merfolk!!
The merfolk dies!
Trog accepts your kill.
You hear a splash. x2
A merfolk comes into view.
It is wielding a +0 trident and quivering silver boomerangs.
A nearby plant withers and dies.
The merfolk throws a boomerang.
The boomerang hits you but does no damage.
The merfolk throws a silver boomerang.
The silver boomerang hits you.
* * * LOW HITPOINT WARNING * * *
The silver sears you!
* * * LOW HITPOINT WARNING * * *
A merfolk javelineer comes into view.
It is wielding a +0 spear and quivering silver javelins.
The merfolk javelineer throws a silver javelin.
The silver javelin pierces through your deep troll!!
The silver javelin pierces through you!
* * * LOW HITPOINT WARNING * * *
The silver sears you!
* * * LOW HITPOINT WARNING * * *
The merfolk throws a boomerang.
The boomerang hits you!
* * * LOW HITPOINT WARNING * * *
Your deep troll bites the merfolk!!
Your deep troll closely misses the merfolk.
Your deep troll claws the merfolk!!
The manticore flicks its tail.
The volley of spikes hits you but does no damage.
The water elemental hits you.
The water elemental engulfs you in water!
Your deep troll bites the merfolk!
The merfolk dies!
Trog accepts your kill.
You hear a splash. x2
The merfolk javelineer throws a silver javelin.
The silver javelin pierces through your deep troll!!
The silver javelin pierces through you!!
* * * LOW HITPOINT WARNING * * *
The silver sears you!
You die...

≈≈≈ .....#.#.
≈≈≈ ....≈+...
≈≈≈P .P..H...
≈≈≈.. #t..≈m.
≈≈≈..##...≈##
≈≈≈...P...≈$#
≈≈≈≈[..E..≈.#
≈≈≈≈≈..♣†≈).#
≈≈≈≈≈≈≈)≈)≈T.#
≈≈≈≈≈≈≈≈≈≈≈≈≈m#
≈≈≈≈≈≈≈≈≈≈≈≈≈≈.
≈≈≈≈≈≈≈≈≈≈≈≈≈≈≈
≈≈≈≈≈≈≈≈≈≈≈≈≈≈≈
≈≈≈≈≈≈≈≈≈≈≈≈≈≈≈
≈≈≈≈≈≈≈≈≈≈≈≈≈≈≈


You could see a merfolk javelineer, a snapping turtle, a merfolk, a manticore, a
water elemental and a friendly deep troll (summoned, berserk).

Vanquished Creatures
  The ghost of DemonSlayer the Severer, an adept DsBe of Trog (Shoals:2)
  Aizul (Shoals:1)
  Louise (D:14)
  Azrael (Orc:2)
  The ghost of Puepiyp the Fighter, a journeyman VSTm of Dithmenos (Lair:6)
  Snorg (D:11)
  2 merfolk javelineers
  2 fire dragons
  A yaktaur captain (D:14)
  The ghost of lonewolfV2 the Blocker, a journeyman MiFi of Xom (Lair:2)
  16 hydras
  An ice dragon (D:15)
  Fannar (Lair:3)
  6 boulder beetles
  3 centaur warriors
  2 catoblepae
  9 death yaks (Lair:4)
  2 two-headed ogres
  3 orc high priests (Orc:2)
  A sun demon (Orc:2)
  Nergalle (Lair:4)
  Sonja (D:12)
  10 skeletal warriors
  3 spectral merfolk (Shoals:2)
  A sixfirhy (Orc:2)
  4 sea snakes (Shoals:1)
  A torturous demonspawn (Orc:2)
  A swamp dragon (Lair:6)
  An obsidian statue (D:12)
  2 gelid demonspawn (Orc:2)
  Pikel (D:4)
  6 harpies
  7 orc knights
  2 deep elf pyromancers
  A deep elf zephyrmancer (D:10)
  11 orc sorcerers
  15 ugly things
  6 manticores
  11 fauns
  A cyclops (D:15)
  6 oklob plants
  A spectral alligator snapping turtle (Shoals:2)
  Maurice (D:13)
  3 merfolk sirens
  4 water nymphs
  21 elephants
  A spectral sea snake (Shoals:2)
  4 black mambas
  2 torpor snails
  8 cane toads
  3 gargoyles
  4 kobold demonologists (D:13)
  5 rime drakes
  2 yaktaurs (D:14)
  3 unseen horrors
  11 komodo dragons
  An efreet (D:14)
  6 trolls
  An ice devil (Orc:2)
  A polar bear (Lair:6)
  A jumping spider (Lair:4)
  A queen bee (Lair:3)
  A hornet (D:9)
  Grinder (D:4)
  18 blink frogs
  14 merfolk
  5 snapping turtles
  A wind drake (Shoals:1)
  10 slime creatures (D:15)
  A centaur simulacrum (D:10)
  3 redbacks (Lair:4)
  7 water elementals
  A spectral wind drake (Shoals:2)
  4 wraiths
  A ynoxinul (Orc:2)
  4 wyverns
  71 yaks
  6 basilisks
  A fire elemental (Orc:2)
  2 steam dragons
  2 sea snake simulacra (Shoals:2)
  7 wargs
  Duvessa (D:4)
  12 water moccasins
  8 acid dragons
  3 hell hounds (Orc:2)
  A swamp drake (Lair:6)
  2 black bears
  41 orc warriors
  2 ice beasts
  A sky beast (D:7)
  10 ogres
  20 wolves
  4 necrophages
  5 centaurs
  A lemure (D:4)
  3 phantoms
  4 kobold brigands
  A wyvern zombie (D:7)
  7 bullfrogs
  Dowan (D:4)
  2 gnoll sergeants (D:12)
  A scorpion (D:5)
  57 killer bees
  10 wights (D:7)
  8 electric eels
  5 howler monkeys
  3 jellies
  2 bullfrog skeletons
  6 centaur zombies
  28 orc priests
  Crazy Yiuf (D:2)
  3 cyclops simulacra (Shoals:2)
  2 gnoll shamans
  3 hounds
  Jessica (D:2)
  16 orc wizards
  A scorpion zombie (D:5)
  15 hell rats
  2 hound skeletons (D:4)
  3 howler monkey zombies
  Robin (D:4)
  16 gnolls
  8 adders
  A white imp (D:5)
  An ufetubus (D:6)
  An adder zombie (D:5)
  2 worms
  4 dart slugs
  84 orcs
  A bat (D:3)
  6 endoplasms
  4 giant cockroaches
  17 goblins
  10 hobgoblins
  5 jackals
  2 quokkas (D:2)
  8 ball pythons
  6 frilled lizards
  28 kobolds
  9 rats
  A bush (Lair:3)
903 creatures vanquished.

Vanquished Creatures (collateral kills)
  A frost giant (D:12)
  The ghost of Naggiasi the Slicer, a journeyman KoBr of Trog (D:12)
  An ogre mage (D:11)
  A centaur warrior (D:11)
  A sea snake (Shoals:4)
  A flayed ghost (D:12)
  An orc knight (D:11)
  An oklob plant (Lair:6)
  3 cyclopes
  A yaktaur (D:12)
  A komodo dragon (Lair:6)
  A troll (D:12)
  A queen bee (Lair:1)
  3 merfolk (Shoals:4)
  A basilisk (Lair:6)
  A swamp drake (Lair:6)
  3 orc warriors (Orc:2)
  A tengu (shapeshifter) (D:11)
  4 killer bees (Lair:1)
  2 orc priests (Orc:2)
  An orc (Orc:2)
31 creatures vanquished.

Vanquished Creatures (others)
  An iguana (Lair:6)
  An orc (Orc:1)
  42 fungi
  84 plants
128 creatures vanquished.

Grand Total: 1062 creatures vanquished

Notes
Turn   | Place    | Note
-------+----------+-------------------------------------------
     0 | D:1      | ticklebelly the Minotaur Berserker began the quest for the
                  | Orb.
     0 | D:1      | Reached XP level 1. HP: 19/19 MP: 0/0
   139 | D:1      | Reached XP level 2. HP: 18/27 MP: 1/1
   940 | D:2      | Reached XP level 3. HP: 33/33 MP: 2/2
   987 | D:2      | Found a shadowy altar of Dithmenos.
  1069 | D:2      | Noticed Jessica
  1083 | D:2      | Killed Jessica
  1084 | D:2      | Reached XP level 4. HP: 25/41 MP: 3/3
  1089 | D:2      | Reached ** piety under Trog
  1860 | D:2      | Found a runed translucent door.
  1861 | D:2      | Noticed Crazy Yiuf
  1924 | D:2      | Killed Crazy Yiuf
  1925 | D:2      | Reached XP level 5. HP: 30/47 MP: 0/4
  2292 | D:3      | Reached skill level 1 in Evocations
  2621 | D:3      | Found a faded altar of an unknown god.
  2714 | D:3      | Reached skill level 5 in Fighting
  2792 | D:3      | Reached skill level 5 in Axes
  2824 | D:3      | Found Umoextoe's Magic Scroll Emporium.
  2833 | D:3      | Bought a scroll of magic mapping for 42 gold pieces
  3293 | D:4      | Reached *** piety under Trog
  3324 | D:4      | Reached XP level 6. HP: 56/56 MP: 5/5
  3459 | D:4      | Noticed Pikel
  3471 | D:4      | Killed Pikel
  3471 | D:4      | Noticed Robin
  3472 | D:4      | Reached XP level 7. HP: 29/64 MP: 6/6
  3715 | D:4      | Found a basalt altar of Yredelemnul.
  3717 | D:4      | Found a radiant altar of Vehumet.
  3725 | D:4      | Found a shimmering blue altar of Sif Muna.
  3882 | D:4      | Noticed Duvessa
  3883 | D:4      | Noticed Dowan
  3889 | D:4      | Killed Duvessa
  3892 | D:4      | Killed Dowan
  3893 | D:4      | Reached XP level 8. HP: 73/73 MP: 7/7
  3991 | D:4      | Killed Robin
  4139 | D:4      | Noticed Grinder
  4158 | D:4      | Killed Grinder
  4415 | D:5      | Entered Level 5 of the Dungeon
  4561 | D:5      | Found a staircase to the Ecumenical Temple.
  5139 | D:5      | Reached XP level 9. HP: 73/82 MP: 8/8
  5285 | D:5      | Identified the -6 pair of gloves of Athar {Fly rPois Str-4
                  | Int-3}
  5358 | D:5      | Found a hazy altar of Hepliaklqana.
  5382 | D:5      | Reached **** piety under Trog
  6104 | D:6      | You fall into a shaft and drop 3 floors!
  6126 | D:8      | Found a snail-covered altar of Cheibriados.
  6217 | D:7      | Found a shadowy altar of Dithmenos.
  6233 | D:7      | Found a broken altar of Ashenzari.
  6261 | D:7      | Reached skill level 5 in Evocations
  6487 | D:6      | Identified the +3 hunting sling of Exquisite Death {freeze,
                  | *Corrode rPois Will++ MP+9}
  6865 | D:7      | Reached skill level 10 in Fighting
  6885 | D:7      | Reached skill level 10 in Axes
  6904 | D:7      | Found Otiffuc's Book Shoppe.
  6994 | D:7      | Reached XP level 10. HP: 93/93 MP: 9/9
  7044 | D:7      | Noticed a boulder beetle
  7048 | D:7      | Noticed a torpor snail
  7048 | D:7      | a boulder beetle changed into a torpor snail
  7054 | D:7      | Killed a torpor snail
  7396 | D:8      | Found a stormy altar of Qazlal.
  7578 | D:8      | Reached skill level 10 in Armour
  7791 | D:8      | Reached ***** piety under Trog
  8915 | D:9      | Found a staircase to the Lair.
  9259 | D:9      | Found a burning altar of Makhleb.
  9259 | D:9      | Noticed a green death
  9273 | D:9      | Found a glowing silver altar of Zin.
  9273 | D:9      | Noticed an angel
  9558 | D:10     | Entered Level 10 of the Dungeon
  9574 | D:10     | Found a flagged portal.
  9589 | D:11     | Noticed an ogre mage
  9589 | D:11     | Noticed a centaur warrior
  9589 | D:11     | Noticed an orc knight
  9589 | D:11     | Noticed a cyclops
  9589 | D:11     | Noticed a cyclops
  9590 | D:11     | Noticed a centaur warrior
  9596 | D:11     | Killed an ogre mage
  9597 | D:11     | Reached XP level 11. HP: 65/102 MP: 10/10
  9599 | D:11     | Killed an orc knight
  9603 | D:11     | Killed a centaur warrior
  9613 | D:11     | Killed a centaur warrior
  9974 | D:11     | Found Kot Qemoh's Book Shop.
 10110 | Bailey   | Entered a bailey
 10276 | Bailey   | Found an iron altar of Okawaru.
 10775 | D:10     | You fall into a shaft and drop 1 floor!
 10928 | D:10     | Found a transporter.
 10930 | D:10     | Noticed a catoblepas
 10931 | D:10     | Noticed a brown ugly thing
 10932 | D:10     | Noticed a deep elf zephyrmancer
 10933 | D:10     | Found a transporter.
 10959 | D:10     | Found a sacrificial altar of Ru.
 11061 | D:10     | Found a blossoming altar of Fedhas.
 11062 | D:10     | Found a shimmering altar of Xom.
 11158 | Lair:1   | Entered Level 1 of the Lair of Beasts
 11943 | Lair:1   | Reached skill level 5 in Dodging
 12285 | Lair:1   | Reached XP level 12. HP: 99/113 MP: 11/11
 12870 | Lair:2   | Identified the +1 pair of gloves of the Sun {Regen+}
 12951 | Lair:2   | Found a snail-covered altar of Cheibriados.
 12975 | Lair:2   | Found a runed translucent door.
 13324 | Lair:2   | Noticed a six-headed hydra
 13332 | Lair:2   | Killed a six-headed hydra
 13417 | Lair:2   | Noticed lonewolfV2's ghost (journeyman MiFi)
 13435 | Lair:2   | Killed lonewolfV2's ghost
 13439 | Lair:2   | Identified the +8 glaive of Maq Neu {vorpal, Fly rC+}
 14516 | Lair:3   | Received a gift from Trog
 14784 | Lair:3   | Noticed Fannar
 14795 | Lair:3   | Killed Fannar
 14985 | Lair:3   | Noticed a seven-headed hydra
 15002 | Lair:3   | Killed a seven-headed hydra
 15321 | Lair:3   | Noticed a catoblepas
 15326 | Lair:3   | Noticed a six-headed hydra
 15329 | Lair:3   | Killed a catoblepas
 15331 | Lair:3   | Reached XP level 13. HP: 124/124 MP: 12/12
 15663 | Lair:3   | Found a staircase to the Shoals.
 17887 | Lair:3   | Identified the ring "Ygeabit" {rC+ rCorr}
 18022 | Lair:4   | Found an ornate altar of the Wu Jian Council.
 18024 | Lair:4   | Found a hide-covered altar of Uskayaw.
 18207 | Lair:4   | Reached skill level 15 in Fighting
 18216 | Lair:4   | Reached skill level 15 in Axes
 18229 | Lair:4   | Reached skill level 15 in Armour
 18635 | Lair:4   | Noticed Nergalle
 18649 | Lair:4   | Killed Nergalle
 18924 | Lair:4   | Found a hole to the Spider Nest.
 18968 | Lair:4   | Found a glowing silver altar of Zin.
 19522 | Lair:5   | Reached XP level 14. HP: 121/135 MP: 13/13
 20481 | Lair:5   | Identified a scroll of acquirement
 20482 | Lair:5   | Acquired the +0 hat of the Comet {Dex+2}
 21024 | Lair:6   | Entered Level 6 of the Lair of Beasts
 21618 | Lair:6   | Reached ****** piety under Trog
 21629 | Lair:6   | Received a gift from Trog
 22454 | Lair:6   | Found a runed translucent gate.
 22455 | Lair:6   | Found a runed translucent gate.
 22456 | Lair:6   | Found a runed translucent gate.
 22457 | Lair:6   | Noticed Puepiyp's ghost (journeyman VSTm)
 22467 | Lair:6   | Killed Puepiyp's ghost
 22793 | Lair:6   | HP: 2/138 [acid (16)]
 23300 | Lair:6   | Found a staircase to the Slime Pits.
 24352 | D:11     | Identified the ring "Ublohie" {Dex+4 Slay+4}
 24362 | D:11     | Identified the +6 mace "Qaimih" {spect, rPois rC+ Stlth-}
 24650 | D:11     | Noticed Snorg
 24659 | D:11     | Killed Snorg
 24660 | D:11     | Reached XP level 15. HP: 94/147 MP: 14/14
 25079 | D:11     | Found Sihag's Weapon Boutique.
 25126 | D:11     | Found Cous's General Store.
 25133 | D:11     | Received a gift from Trog
 25365 | D:3      | Bought a scroll of holy word for 90 gold pieces
 25365 | D:3      | Bought a scroll of enchant armour for 90 gold pieces
 25365 | D:3      | Bought a scroll of blinking for 90 gold pieces
 26317 | D:12     | Found a runed translucent gate.
 26317 | D:12     | Found a runed translucent gate.
 26317 | D:12     | Found a runed translucent gate.
 26320 | D:12     | Found an opulent altar of Gozag.
 26322 | D:12     | Noticed Naggiasi's ghost (journeyman KoBr)
 26323 | D:12     | Noticed a frost giant
 26339 | D:12     | Found a staircase to the Orcish Mines.
 26446 | D:12     | Killed Naggiasi's ghost
 26467 | D:12     | Killed a frost giant
 26748 | D:12     | Noticed Sonja
 26754 | D:12     | Killed Sonja
 27062 | Orc:1    | Entered Level 1 of the Orcish Mines
 27179 | Orc:2    | Entered Level 2 of the Orcish Mines
 27298 | Orc:2    | Received a gift from Trog
 27560 | Orc:1    | Found Nounenn's Assorted Antiques.
 28264 | Orc:2    | Noticed Azrael
 28286 | Orc:2    | Killed Azrael
 28416 | Orc:2    | Found a staircase to the Elven Halls.
 28519 | Orc:2    | Found Anepim's Distillery.
 28520 | Orc:2    | Found Ynerymiwn's Distillery.
 28533 | Orc:2    | Received a gift from Trog
 29303 | Orc:2    | Paralysed by an orc sorcerer for 7 turns
 30013 | Orc:2    | Found Axyawk's Book Shop.
 30013 | Orc:2    | Found Quyshygg's Antique Armour Boutique.
 30013 | Orc:2    | Found a one-way gate leading to the halls of Pandemonium.
 30027 | Orc:2    | Bought a spiked plate armour for 756 gold pieces
 30027 | Orc:2    | Identified the +1 plate armour "Ysufok" {Int+3} (You bought
                  | it in a shop on level 2 of the Orcish Mines)
 30027 | Orc:2    | Bought a runed cloak for 202 gold pieces
 30158 | Orc:1    | Bought a scroll of teleportation for 60 gold pieces
 30941 | D:13     | Received a gift from Trog
 31204 | D:13     | Noticed Maurice
 31220 | D:13     | Killed Maurice
 31756 | D:13     | Reached XP level 16. HP: 159/159 MP: 15/15
 32442 | D:14     | Noticed Louise
 32457 | D:14     | Killed Louise
 33005 | D:14     | Found a gate to the Vaults.
 33777 | D:15     | Entered Level 15 of the Dungeon
 33837 | D:15     | Found a staircase to the Depths.
 34575 | D:11     | Bought a +1 plate armour of willpower for 560 gold pieces
 34773 | Shoals:1 | Entered Level 1 of the Shoals
 35133 | Shoals:1 | Found Kyklopn's Weapon Boutique.
 35245 | Shoals:1 | Received a gift from Trog
 35252 | Shoals:1 | Noticed Aizul
 35269 | Shoals:1 | Killed Aizul
 35982 | Shoals:2 | You fall into a shaft and drop 1 floor!
 36312 | Shoals:2 | Found a runed translucent gate.
 36313 | Shoals:2 | Found a runed translucent gate.
 36314 | Shoals:2 | Found a runed translucent gate.
 36339 | Shoals:2 | Noticed DemonSlayer's ghost (adept DsBe)
 36345 | Shoals:2 | Received a gift from Trog
 36358 | Shoals:2 | Killed DemonSlayer's ghost
 36722 | Shoals:4 | Entered Level 4 of the Shoals
 36728 | Shoals:4 | Reached XP level 17. HP: 48/168 MP: 16/16
 36733 | Shoals:4 | HP: 6/252 [merfolk javelineer/silver javelin (22)]
 36733 | Shoals:4 | Hit by a silver javelin thrown by a merfolk javelineer

Illustrated notes

Levels and vault maps discovered:
D:1:      zelgadis_glass_arrival_small, layout_basic, serial_glass,
          glass_columns_a, glass_columns_b, glass_columns_c, glass_columns_b,
          glass_columns_a, glass_columns_c, glass_columns_a, glass_columns_b,
          glass_columns_b, glass_columns_c
D:2:      layout_basic, basic_altar, uniq_jessica, uniq_crazy_yiuf_cottage
D:3:      layout_basic, dreamdust_ecumenical_altar_angels_and_demons,
          serial_shops, shop
D:4:      layout_basic, grunt_temple_overflow_open, hangedman_decor_riveting,
          kennysheep_big_empty_room, uniq_duvessa, uniq_pikel, uniq_grinder,
          uniq_robin
D:5:      layout_basic, nicolae_overflow_crystal_walls,
          minmay_temple_entry_fiery, serial_corexii_hall,
          chequers_hall_statues_y, corexii_hall_statues_i,
          minmay_manual_monstrance
D:6:      layout_gridville
D:7:      layout_basic, mainiacjoe_overflow_large_starburst, serial_shops,
          nicolae_shop_behind_doors
D:8:      layout_layer_cave, nicolae_qazlal_eye_of_the_storm,
          lemuel_crystal_altar, special_room [special_room_orc],
          kennysheep_generic_room_8
D:9:      layout_layer_cave, grunt_temple_overflow_order_and_chaos_2,
          erik_lair_orcish_takeover
D:10:     layout_loops_ring, hangedman_ru_absence,
          gammafunk_temple_overflow_arena, enter_bailey_5
D:11:     minmay_the_grid_four_pointed_star
          [minmay_the_grid_triangle_9x9_checkered,
          minmay_the_grid_triangle_9x9_corrupted_corridor,
          minmay_the_grid_triangle_9x9_empty,
          minmay_the_grid_triangle_9x9_stretched_checkered,
          minmay_the_grid_prize_big_room], layout_basic, serial_shops,
          nicolae_shop_behind_doors, nicolae_shop_waterfront, shop,
          minivault_21, uniq_snorg
D:12:     layout_stronghold, kennysheep_orc_monster_closet_entryway,
          ebering_ghost_gozag, uniq_sonja
D:13:     layout_basic, serial_bayou_pond_e, uniq_maurice
D:14:     layout_basic, david_vaults_2, minmay_misc_feat_secret_circle,
          serial_co_window_serial, co_window_paths_b, co_window_corner_a,
          co_window_paths_b, co_window_of_opportunity_a, co_window_paths_a,
          co_window_paths_a, co_window_paths_a, co_window_of_opportunity_a,
          co_window_of_opportunity_a, co_window_of_opportunity_b,
          co_window_2corner, co_window_of_opportunity_b, co_window_broadway_a,
          uniq_louise
D:15:     grunt_enter_depths_hoard, layout_basic, minmay_misc_feat_five
Lair:1:   layout_roguey [special_room_bee]
Lair:2:   layout_roguey, gammafunk_ghost_grave, basic_altar, st_stairs_8,
          minivault_24
Lair:3:   hangedman_what_comes_after_a, layout_regular_city,
          elwin_shoals_entry_rooms, minmay_lair_oklob_chamber,
          serial_bayou_shore_b, uniq_fannar
Lair:4:   layout_regular_city, nicolae_spider_entry_tight_spaces, basic_altar,
          nzn_masters_of_martial_movement, uniq_nergalle
Lair:5:   layout_cave_pods, st_stairs_8
Lair:6:   guppyfry_lair_end_dragon, layout_gridlike,
          minmay_slime_entry_oklob_enclosed, ebering_ghost_rock_garden,
          serial_bayou_shore_a, grunt_megastairs_4, lemuel_fruit_tree
Shoals:1: layout_shoals, serial_shops, shop, uniq_aizul
Shoals:2: layout_shoals, gammafunk_ghost_necromancy, ldierk_geyser, uniq_ilsuiw
Shoals:3: layout_shoals
Shoals:4: shoals_end_hellmonk_lost_city
Orc:1:    layout_caves, serial_shops, shop
Orc:2:    pf_orc_diabolical, layout_caves, uniq_azrael

Skill      XL: |  1  2  3  4  5  6  7  8  9 10 11 12 13 14 15 16 |
---------------+-------------------------------------------------+-----
Axes           | 4 5 6 7 8 10 11 12 14 15 17 18 19 | 19.4
Fighting       | 4 5 6 7 8 10 11 12 14 15 17 18 19 | 19.4
Armour         | 3 4 6 7 9 11 12 13 15 16 18 19 | 19.2
Dodging        | 3 5 7 8 |  8.5
Evocations     | 1 3 5 6 7 |  7.0

Action                   |  1- 3 |  4- 6 |  7- 9 | 10-12 | 13-15 | 16-18 || total
-------------------------+-------+-------+-------+-------+-------+-------++-------
Melee: Hand axe          |    47 |   135 |       |       |       |       ||   182
       Headbutt          |    10 |    24 |    53 |   126 |   259 |   109 ||   581
       War axe           |       |    15 |   212 |       |       |       ||   227
       Battleaxe         |       |       |    15 |   440 |   730 |   337 ||  1522
       Morningstar       |       |       |       |    15 |    18 |       ||    33
Throw: Boomerang         |       |       |       |     5 |    27 |     2 ||    34
Invok: Berserk           |       |     1 |     4 |     3 |     1 |       ||     9
       Trog's Hand       |       |       |     3 |     4 |     8 |     4 ||    19
       Brothers in Arms  |       |       |       |     5 |     6 |     1 ||    12
Evoke: Wand              |       |       |       |     5 |    79 |     1 ||    85
       Phial of floods   |       |       |       |       |     1 |       ||     1
  Use: Scroll            |       |       |     3 |    22 |     8 |     4 ||    37
       Potion            |       |       |       |       |       |     2 ||     2
Armor: Ring mail         |     9 |    17 |       |       |       |       ||    26
       Animal skin       |     3 |       |       |       |       |       ||     3
       Skin              |    11 |     6 |       |       |       |     6 ||    23
       Scale mail        |       |    44 |    67 |       |       |       ||   111
       Chain mail        |       |       |    59 |   332 |   445 |    59 ||   895
       Plate armour      |       |       |       |       |       |   130 ||   130
Dodge: Dodged            |    26 |    76 |   128 |   362 |   464 |   146 ||  1202
